 Dungeon Crawl Stone Soup version 0.28-a0-1143-gcf6077d4cc (webtiles) character file.

Game seed: 12473864639027586619

50 Gwenloh the Insei (level 3, -2/23 HPs)
             Began as an Octopode Transmuter on Dec 14, 2021.
             Was a Follower of the Shining One.
             Killed by nerve-wracking pain
             ... invoked by Jessica
              (6 damage)
             ... on level 2 of the Dungeon.
             The game lasted 00:03:20 (1518 turns).

Gwenloh the Insei (Octopode Transmuter)             Turns: 1518, Time: 00:03:20

Health: -2/23      AC:  1    Str: 15    XL:     3   Next: 79%
Magic:  5/6        EV: 13    Int: 15    God:    the Shining One [*.....]
Gold:   84         SH:  0    Dex: 14    Spells: 3/6 levels left

rFire   + . .      SeeInvis .     - Unarmed
rCold   . . .      Faith    .   (no shield)
rNeg    . . .      Spirit   .   (helmet currently unavailable)
rPois   .          Reflect  .   (no amulet)
rElec   .          Harm     .   d - +6 ring of strength
rCorr   .          Rampage  .   h - ring of protection from fire
Will    .....                   (no ring)
Stlth   +.........              (no ring)
HPRegen 0.07/turn               (no ring)
MPRegen 0.10/turn               (no ring)
                                (no ring)
                                (no ring)

@: appendages, glowing
A: tentacle spike 3, almost no armour, amphibious, 8 rings, camouflage 1,
gelatinous body 1, (nimble swimmer 1), tentacles
a: End Transformation, Renounce Religion, Divine Shield


You were on level 2 of the Dungeon.
You worshipped the Shining One.
The Shining One was aware of your devotion.
One of your tentacles had grown a beastly spike.
You visited 1 branch of the dungeon, and saw 2 of its levels.

You collected 84 gold pieces.

Inventory:

Missiles
 f - 21 stones (quivered)
Jewellery
 d - a +6 ring of strength (left tentacle)
 h - a ring of protection from fire (right tentacle)
Scrolls
 a - a scroll of enchant armour {unknown}
 b - a scroll of summoning {unknown}
 c - a scroll of fear {unknown}
 i - a scroll of fog {unknown}
Potions
 e - a potion of curing {unknown}
 g - a potion of degeneration {unknown}


   Skills:
 + Level 1.5 Fighting
 + Level 2.3 Dodging
 * Level 3.5 Unarmed Combat
 + Level 2.2 Spellcasting
 * Level 2.6 Transmutations


You had 3 spell levels left.
You knew the following spells:

 Your Spells              Type           Power      Damage    Failure   Level
a - Beastly Appendage     Tmut           18%        N/A       8%          1
b - Wereblood             Tmut           9%         N/A       11%         2

Your spell library contained the following spells:

 Spells                   Type           Power      Damage    Failure   Level
 Slow                     Hex            4%         N/A       22%         1
 Spider Form              Tmut/Pois      5%         N/A       36%         3
 Confusing Touch          Hex            1%         N/A       54%         3
 Vampiric Draining        Necr           1%         2d6       54%         3
 Ice Form                 Ice/Tmut       5%         N/A       77%         4


Dungeon Overview and Level Annotations

Branches:
Dungeon (2/15)

Altars:
The Shining One

Annotations:
D:2 Jessica


Innate Abilities, Weirdness & Mutations

One of your tentacles has grown a beastly spike.
You cannot wear most types of armour.
You are amphibious.
You can wear up to eight rings at the same time.
Your skin changes colour to match your surroundings (Stealth+).
Your rubbery body absorbs attacks. (AC +1, EV +1)
((You are camouflaged near water. (Stealth+)))
You have tentacles for arms and can constrict up to eight enemies at once.


Message History

Found a rapier.
Casting: Beastly Appendage (safe; 8% risk of failure)
Confirm with . or Enter, or press ? or * to list all spells.
One of your tentacles grows a vicious spike.
The adder hisses angrily.
The adder misses you. The adder closely misses you.
You tentacle-slap the adder. Your grab misses the adder.
Your tentacle spike misses the adder.
The adder is heavily wounded.
The adder closely misses you.
You bludgeon the adder!
You kill the adder!
Your transformation is almost over.
You see here an adder corpse.
Your tentacle spike disappears.
i - a scroll labelled HADUMUYSAOS
Found a robe.
A kobold comes into view. It is wielding a +0 short sword.
The kobold throws a stone.
The stone hits you.
The kobold throws a stone.
The stone closely misses you.
Casting: Beastly Appendage (safe; 8% risk of failure)
Confirm with . or Enter, or press ? or * to list all spells.
One of your tentacles grows a vicious spike.
Jessica the Apprentice Sorceress comes into view.
She is wielding a +0 dagger.
Jessica shouts!
You hear a shout!
The kobold throws a stone.
The stone misses you.
Found a scroll labelled UBRERE PUGOA.
The kobold hits you with a +0 short sword.
Jessica points at you and mumbles some strange words.
Pain shoots through your body!
Ouch! That really hurt!
* * * LOW HITPOINT WARNING * * *
You completely miss the kobold. Your grab misses the kobold.
You pierce the kobold.
You kill the kobold!
A goblin comes into view. It is wielding a +0 dagger.
The goblin shouts!
Jessica points at you and mumbles some strange words.
Pain shoots through your body!
You die...

...###.<.# #...##
....##...# #...#........
........####............
.........[.....#........
...............#........
..........###.....@.....
>.........####.#........
............##.#........
.######.###.....@.....?.
.#....#.# #####.......g.
##.##.#.# #..###.....
.#.#..#.# #...# ....
.#.#.##.# ...#.# ...
##.#....# ##..... ..
#.###### #.##.. .
#......# .. #..
.######.#


You could see Jessica and a goblin.

Vanquished Creatures
  An adder (D:2)
  A worm (D:2)
  3 endoplasms
  A giant cockroach (D:2)
  4 goblins
  3 hobgoblins
  5 jackals
  2 kobolds
  2 quokkas (D:1)
  3 ball pythons (D:1)
  4 bats
  5 frilled lizards
  2 rats (D:2)
36 creatures vanquished.

Notes
Turn   | Place    | Note
-------+----------+-------------------------------------------
     0 | D:1      | Gwenloh the Octopode Transmuter began the quest for the
                  | Orb.
     0 | D:1      | Reached XP level 1. HP: 13/13 MP: 3/3
   312 | D:1      | Reached XP level 2. HP: 18/18 MP: 3/5
   323 | D:1      | Learned a level 2 spell: Wereblood
   888 | D:1      | Found a faded altar of an unknown god.
   945 | D:1      | Reached XP level 3. HP: 18/23 MP: 2/6
  1116 | D:1      | Prayed at the altar of an unknown god.
  1116 | D:1      | Became a worshipper of the Shining One
  1116 | D:1      | Reached * piety under the Shining One
  1118 | D:1      | You fall into a shaft and drop 1 floor!
  1515 | D:2      | Noticed Jessica
  1518 | D:2      | Killed from afar by Jessica

Illustrated notes

Levels and vault maps discovered:
D:1:      nzn_arrival_water_spiral, layout_basic,
          hellmonk_ecumenical_altar_leap_of_faith
D:2:      layout_rooms, patterned_corridor, uniq_jessica

Action                   || total
-------------------------++-------
Melee: Unarmed           ||    63
       Constrict         ||    18
       Kick              ||    20
       Tentacles         ||     8
       Punch             ||     1
Throw: Stone             ||     7
 Cast: Beastly Appendage ||    21
       Wereblood         ||     2
 Stab: Sleeping          ||     2
Armor: Skin              ||     6
Dodge: Dodged            ||    39

Table legend: (Time is in decaauts)
 A = Elapsed time spent in this place.
 B = Non-inter-level travel time spent in this place.
 C = Inter-level travel time spent in this place.
 D = Time resting spent in this place.
 E = Time spent auto-exploring this place.
 F = Levels seen in this place.
 G = Mean time per level.
                   A        B        C        D        E       F      G
               +--------+--------+--------+--------+--------+-----+--------+
         Total |   1514 |   1426 |     88 |      0 |   1183 |   2 |  757.0 |
       Dungeon |   1514 |   1426 |     88 |      0 |   1183 |   2 |  757.0 |
               +--------+--------+--------+--------+--------+-----+--------+

Top non-repeatable levels by time:
     D:1: 1116 daAuts
     D:2: 397 daAuts
